 Dungeon Crawl Stone Soup version 0.30-a0-782-ge64f9170bb (webtiles) character file.

Game seed: 703812494711382199

72 mopl the Slasher (level 4, -9/34 HPs)
             Began as a Merfolk Warper on Mar 6, 2023.
             Killed by nerve-wracking pain
             ... invoked by an orc priest
              (14 damage)
             ... on level 3 of the Dungeon.
             The game lasted 00:03:51 (1667 turns).

mopl the Slasher (Merfolk Warper)                   Turns: 1667, Time: 00:03:52

Health: -9/34      AC:  3    Str: 19    XL:     4   Next: 25%
Magic:  7/7        EV: 12    Int: 12    God:
Gold:   168        SH:  0    Dex: 13    Spells: 2/7 levels left

rFire   . . .      SeeInvis .    a - +0 falchion
rCold   . . .      Faith    .    (no shield)
rNeg    . . .      Spirit   .    b - +0 leather armour
rPois   +          Reflect  .    (no helmet)
rElec   .          Harm     .    (no cloak)
rCorr   .          Rampage  .    (no gloves)
Will    .....                    (no boots)
Stlth   +                        (no amulet)
HPRegen 0.25/turn                j - +6 ring of strength
MPRegen 0.10/turn                l - ring of poison resistance

@: no status effects
A: (nimble swimmer 2), mertail
a: no special abilities


You were on level 3 of the Dungeon.
You visited 1 branch of the dungeon, and saw 4 of its levels.

You collected 168 gold pieces.

Inventory:

Hand Weapons
 a - a +0 falchion (weapon)
 u - a +2 hand axe of flaming
Missiles
 d - 7 boomerangs of dispersal
 m - a poisoned dart (quivered)
Armour
 b - a +0 leather armour (worn)
 g - an orb of guile
Jewellery
 j - a +6 ring of strength (left hand)
 l - a ring of poison resistance (right hand)
Scrolls
 c - a scroll of blinking
 e - a scroll of identify {unknown}
 h - a scroll of enchant weapon {unknown}
 o - a scroll of amnesia {unknown}
 p - a scroll of vulnerability {unknown}
 s - a scroll of teleportation {unknown}
Potions
 f - a potion of ambrosia {unknown}
 i - a potion of invisibility {unknown}
 k - a potion of resistance {unknown}
 n - a potion of attraction {unknown}
 q - a potion of magic
 r - a potion of haste {unknown}
 t - a potion of degeneration {unknown}


   Skills:
 + Level 2.5 Fighting
 * Level 3.7 Long Blades
 - Level 1.0 Throwing
 + Level 1.0 Armour
 + Level 3.2 Dodging
 + Level 2.3 Spellcasting
 + Level 2.7 Translocations
 + Level 0.4 Air Magic


You had 2 spell levels left.
You knew the following spells:

 Your Spells              Type           Power      Damage    Failure   Level
a - Vhi's Electric Charg  Tloc/Air       10%        N/A       45%         3
e - Blink                 Tloc           14%        N/A       16%         2

Your spell library contained the following spells:

 Spells                   Type           Power      Damage    Failure   Level
 Apportation              Tloc           14%        N/A       11%         1
 Lesser Beckoning         Tloc           14%        N/A       16%         2
 Necrotise                Necr           4%         1d4       32%         1
 Summon Small Mammal      Summ           4%         N/A       32%         1
 Teleport Other           Tloc           7%         N/A       30%         3
 Manifold Assault         Tloc           7%         N/A       71%         4


Dungeon Overview and Level Annotations

Branches:
Dungeon (4/15)
 Temple: D:4-7

Altars:

Annotations:
D:4 Blork the orc


Innate Abilities, Weirdness & Mutations

((You are very nimble when in or above water. (Stealth+, EV+, Speed+++)))
Your lower body shifts to a powerful aquatic tail in water.


Message History

a +2 hand axe of flaming; a +0 ring mail; an orc corpse
u - a +2 hand axe of flaming
Things that are here:
a +0 mace; an orc corpse
Things that are here:
a +0 ring mail; an orc corpse The orc priest looks satisfied for a moment.
You see here a poisoned dart.
Throw: 3 darts (poison)
Press: ? - help, Q - select action, (/) - cycle Shift-Dir - straight line, f - orc priest
Aim: an orc priest, wielding a +0 hand axe and wearing a +0 scale mail (61% to hit)
You throw a poisoned dart. The poisoned dart hits the orc priest.
The orc priest is poisoned.
Unknown command.
Throw: 2 darts (poison)
Press: ? - help, Q - select action, (/) - cycle Shift-Dir - straight line, f/p - orc priest
Aim: an orc priest, wielding a +0 hand axe and wearing a +0 scale mail (lightly wounded, poisoned, 61% to hit)
You throw a poisoned dart. The poisoned dart hits the orc priest.
The orc priest looks even sicker.
The orc priest is lightly wounded.
The orc priest miscasts a cantrip.
Unknown command.
You hit the orc priest but do no damage.
The orc priest is lightly wounded.
The orc priest barely misses you.
You hit the orc priest but do no damage.
The orc priest is lightly wounded.
The orc priest invokes the aid of Beogh against you.
You barely resist.
You hit the orc priest but do no damage.
The orc priest hits you with a +0 hand axe.
* * * LOW HITPOINT WARNING * * *
You closely miss the orc priest.
The orc priest is lightly wounded.
The orc priest hits you with a +0 hand axe.
* * * LOW HITPOINT WARNING * * *
It was a potion of magic.
Magic courses through your body.
The orc priest mumbles some strange prayers to Beogh against you.
Pain shoots through your body!
You die...

.............###
#.#.......|..#
<....###.##..# #######
..#.####......# #.....#
.......####.#...##.....#
.|.....###..###........#
.>.........## ###.....#
.......###.#######)....#
.......###.##((o@[.....#
......g.o..##.##########
..#...###..o..####
#.###.##...#....$.# #.#
#g##..#........# #.#
#o.#............ #.#
##.............. #..
#..#...........
##.....##...........


You could see an orc priest (poisoned).

Vanquished Creatures
  An adder (D:2)
  2 worms (D:2)
  A dart slug (D:2)
  3 orcs (D:3)
  3 endoplasms
  A giant cockroach (D:2)
  6 goblins
  6 hobgoblins
  3 kobolds
  2 quokkas
  8 ball pythons
  3 bats
  3 frilled lizards
  7 rats
49 creatures vanquished.

Notes
Turn   | Place    | Note
-------+----------+-------------------------------------------
     0 | D:1      | mopl the Merfolk Warper began the quest for the Orb.
     0 | D:1      | Reached XP level 1. HP: 16/16 MP: 3/3
   252 | D:1      | Reached XP level 2. HP: 19/22 MP: 5/5
   348 | D:1      | Reached skill level 3 in Dodging
   351 | D:1      | Reached skill level 3 in Long Blades
   419 | D:1      | Learned a level 2 spell: Blink
   558 | D:1      | Reached XP level 3. HP: 28/28 MP: 6/6
   915 | D:2      | Learned a level 3 spell: Vhi's Electric Charge
  1328 | D:2      | Reached skill level 1 in Armour
  1373 | D:2      | Reached XP level 4. HP: 34/34 MP: 7/7
  1387 | D:2      | Found a faded altar of an unknown god.
  1632 | D:4      | Noticed Blork the orc
  1667 | D:3      | Killed from afar by an orc priest

Illustrated notes

Levels and vault maps discovered:
D:1:      grunt_arrival_lava_bath, layout_basic
D:2:      layout_loops_ring, basic_ecumenical_altar
D:3:      layout_rooms, gup_sewer_entry_glass, corner_web_ring, minmay_rat_hole
D:4:      minmay_skewed_foursquare, layout_rooms, mainiacjoe_overflow_catwalk,
          minmay_temple_entry_waves, uniq_blork_the_orc

Skill      XL: |  1  2  3 |
---------------+----------+-----
Dodging        | 3 |  3.2
Long Blades    | 3 |  3.7
Armour         | 1 |  1.0
Fighting       | |  2.5
Throwing       | |  1.0
Spellcasting   | |  2.3
Translocations | |  2.7
Air Magic      | |  0.4

Action                     |  1- 3 |  4- 6 || total
---------------------------+-------+-------++-------
  Melee: Falchion          |   144 |    39 ||   183
         Punch             |       |     1 ||     1
  Throw: Dart              |       |     6 ||     6
   Cast: Blink             |     4 |     1 ||     5
    Use: Potion            |       |     1 ||     1
 Armour: Leather armour    |    44 |     5 ||    49
  Dodge: Dodged            |   103 |    24 ||   127

Table legend: (Time is in decaauts)
 A = Elapsed time spent in this place.
 B = Non-inter-level travel time spent in this place.
 C = Inter-level travel time spent in this place.
 D = Time resting spent in this place.
 E = Time spent auto-exploring this place.
 F = Levels seen in this place.
 G = Mean time per level.
                   A        B        C        D        E       F      G
               +--------+--------+--------+--------+--------+-----+--------+
         Total |   1691 |   1588 |    103 |    178 |    875 |   4 |  422.8 |
       Dungeon |   1691 |   1588 |    103 |    178 |    875 |   4 |  422.8 |
               +--------+--------+--------+--------+--------+-----+--------+

Top non-repeatable levels by time:
     D:1: 818 daAuts
     D:2: 756 daAuts
     D:3: 114 daAuts
     D:4: 1 daAuts
